 Dungeon Crawl Stone Soup version 0.32-a0-818-gb728d0252e (webtiles) character file.

Game seed: 5969236215095737747

301 greenreed the Vexing (level 6, 0/47 HPs)
             Began as a Coglin Hexslinger on Mar 23, 2024.
             Killed from afar by a dart slug (6 damage)
             ... with a slug dart
             ... on level 4 of the Dungeon.
             The game lasted 00:05:45 (3247 turns).

greenreed the Vexing (Coglin Hexslinger)            Turns: 3247, Time: 00:05:47

Health: 0/47       AC:  2    Str:  8    XL:     6   Next: 37%
Magic:  9/9        EV: 12    Int: 12    God:
Gold:   198        SH:  0    Dex: 19    Spells: 7/9 levels left

rFire   . . .        a - +1 sling {Tlaloc}
rCold   . . .        d - -2 sling {Astrid}
rNeg    . . .        c - +0 robe
rPois   .            (no helmet)
rElec   .            (no cloak)
rCorr   .            (no gloves)
SInv    .            (no boots)
Will    .....        (amulet unavailable)
Stlth   ++           (ring unavailable)
HPRegen 0.27/turn    (ring unavailable)
MPRegen 0.11/turn    (no gizmo)

%: no passive effects
@: revving
A: off-hand wielding, slow wielding, warmup strikes, no jewellery
a: Invent Gizmo


You were on level 4 of the Dungeon.
You visited 1 branch of the dungeon, and saw 4 of its levels.

You collected 198 gold pieces.

Inventory:

Hand Weapons
 a - a +1 sling (weapon) {Tlaloc}
 d - a -2 sling (offhand) {Astrid}
Armour
 c - a +0 robe (worn)
Scrolls
 b - a scroll of poison
 e - 3 scrolls of blinking {unknown}
 f - 2 scrolls of immolation {unknown}
 g - a scroll of fog {unknown}
 h - 2 scrolls of enchant armour {unknown}
 j - 2 scrolls of teleportation {unknown}
 l - a scroll of fear {unknown}
 m - 2 scrolls of identify {unknown}
 n - a scroll of vulnerability {unknown}
 o - a scroll of revelation {unknown}
 q - a scroll of noise {unknown}
Potions
 i - 2 potions of curing {unknown}
 k - a potion of lignification {unknown}
 p - a potion of invisibility {unknown}


   Skills:
 + Level 3.2 Fighting
 * Level 3.4 Ranged Weapons
 + Level 2.7 Dodging
 + Level 2.1 Spellcasting
 + Level 3.4 Hexes
 - Level 0.8 Fire Magic


You had 7 spell levels left.
You knew the following spells:

 Your Spells              Type           Power      Damage    Failure   Level
a - Jinxbite              Hex            18%        N/A       10%         2

Your spell library contained the following spells:

 Spells                   Type           Power      Damage    Failure   Level
 Sigil of Binding         Hex            9%         N/A       21%         3
 Inner Flame              Hex/Fire       6%         N/A       32%         3
 Cigotuvi's Dreadful Rot  Necr/Alch/Air  2%         N/A       38%         2
 Cause Fear               Hex            4%         N/A       54%         4
 Dimensional Bullseye     Hex/Tloc       2%         N/A       80%         4
 Dispel Undead            Necr           1%         3d6       95%         4
 Martyr's Knell           Necr/Summ      1%         N/A       95%         4


Dungeon Overview and Level Annotations

Branches:
Dungeon (4/15)
 Temple: D:4-7

Altars:
Ru
Xom


Innate Abilities, Weirdness & Mutations

You can wield a second weapon in your off-hand.
It takes a long time for you to wield or remove held weapons.
Your first few attacks do less damage.
You cannot equip rings or amulets.


Message History

The sky beast is heavily wounded.
The sky beast barely misses you. The sky beast closely misses you.
You shoot a sling bullet. The sling bullet hits the sky beast.
The sky beast is heavily wounded.
You shoot a sling bullet. The sling bullet hits the sky beast.
The sky beast is severely wounded.
The sky beast hits you. The sky beast shocks you.
You shoot a sling bullet.
The sling bullet completely misses the sky beast.
You shoot a sling bullet.
The sling bullet barely misses the sky beast.
The sky beast misses you.
You shoot a sling bullet.
The sling bullet hits the sky beast but does no damage.
The sky beast is severely wounded.
You shoot a sling bullet.
The sling bullet barely misses the sky beast.
The sky beast hits you but does no damage.
You shoot a sling bullet.
The sling bullet closely misses the sky beast.
You shoot a sling bullet.
The sling bullet hits the sky beast but does no damage.
The sky beast is severely wounded.
The sky beast closely misses you.
The sky beast flickers out of sight!
Deactivating autopickup; reactivate with Ctrl-A.
Something hits you. Something shocks you.
You shoot a sling bullet. x2; Something hits you.
Something shocks you.
* * * LOW HITPOINT WARNING * * *
A dart slug comes into view.
You shoot a sling bullet. x2; Something hits you.
* * * LOW HITPOINT WARNING * * *
Something shocks you.
* * * LOW HITPOINT WARNING * * *
You shoot a sling bullet.
Reactivating autopickup.
You feel a bit more experienced.
You shoot a sling bullet.
The dart slug briefly extends its eye-stalks.
The dart slug launches a dart at you. The slug dart hits you.
You die...

#.# #..#.......
#..w##.# #..#......#
#...##.# #..#......#
#...##.###..#.....##
#...##............#≈
#...#######.#...#.~~
#...#########.###.##
#...#..............#
#..@#.#######...#..~
#...†(..............
#.>...#####.#...#...
#####.......#....###
.............###
#.#.......##....
#.#........)....
#.#..##.........
#.......######..


You could see a dart slug.

Vanquished Creatures
  A sky beast (D:4)
  A scorpion (D:3)
  An iguana (D:4)
  7 gnolls
  7 adders
  2 dart slugs
  2 ribbon worms
  4 orcs
  2 bats (D:1)
  9 endoplasms
  2 giant cockroaches (D:3)
  9 goblins
  8 hobgoblins
  2 jackals
  9 ball pythons
  5 frilled lizards
  7 kobolds
  2 rats
80 creatures vanquished.

Notes
Turn   | Place    | Note
-------+----------+-------------------------------------------
     0 | D:1      | greenreed the Coglin Hexslinger began the quest for the
                  | Orb.
     0 | D:1      | Reached XP level 1. HP: 15/15 MP: 2/2
    92 | D:1      | Reached XP level 2. HP: 21/21 MP: 3/3
   320 | D:1      | Found a faded altar of an unknown god.
   649 | D:2      | Reached XP level 3. HP: 21/27 MP: 4/4
  1199 | D:2      | Reached XP level 4. HP: 21/33 MP: 6/6
  1202 | D:2      | HP: 1/33 [gnoll/+0 whip (9)]
  1855 | D:3      | Found a sacrificial altar of Ru.
  1899 | D:3      | Noticed a scorpion
  1912 | D:3      | Killed a scorpion
  1913 | D:3      | Reached XP level 5. HP: 14/39 MP: 7/7
  2504 | D:4      | Noticed a sky beast
  2596 | D:4      | Reached XP level 6. HP: 33/47 MP: 8/8
  2670 | D:4      | Found a shimmering altar of Xom.
  2674 | D:4      | Learned a level 2 spell: Jinxbite
  3247 | D:4      | Killed a sky beast
  3247 | D:4      | Killed from afar by a dart slug

Illustrated notes

Levels and vault maps discovered:
D:1:      lightli_arrival_statue_moat, layout_basic,
          shapermc_ecumenical_altar_starsandcircs, minmay_crystal_room
D:2:      layout_loops_corners
D:3:      layout_rooms, marbit_many_paths, minmay_liquid_box
D:4:      layout_basic, nicolae_overflow_crystal_walls, temple_pool_b,
          minivault_4

Skill      XL: |  1  2  3  4  5  6 |
---------------+-------------------+-----
Ranged Weapons | 2 3 |  3.4
Dodging        | 2 |  2.7
Fighting       | 2 3 |  3.2
Hexes          | 3 |  3.4
Spellcasting   | 2 |  2.1
Fire Magic     | |  0.8

Action                     |  1- 3 |  4- 6 || total
---------------------------+-------+-------++-------
   Fire: Sling             |   168 |   328 ||   496
    Use: Potion            |       |     2 ||     2
 Armour: Robe              |    14 |    62 ||    76
  Dodge: Dodged            |    19 |    51 ||    70

Table legend: (Time is in decaauts)
 A = Elapsed time spent in this place.
 B = Non-inter-level travel time spent in this place.
 C = Inter-level travel time spent in this place.
 D = Time resting spent in this place.
 E = Time spent auto-exploring this place.
 F = Levels seen in this place.
 G = Mean time per level.
                   A        B        C        D        E       F      G
               +--------+--------+--------+--------+--------+-----+--------+
         Total |   3315 |   3197 |    118 |    209 |   2459 |   4 |  828.8 |
       Dungeon |   3315 |   3197 |    118 |    209 |   2459 |   4 |  828.8 |
               +--------+--------+--------+--------+--------+-----+--------+

Top non-repeatable levels by time:
     D:2: 1096 daAuts
     D:4: 829 daAuts
     D:3: 770 daAuts
     D:1: 619 daAuts
